AoeStats
← Efthiron

Arabia

503679183Analyzed
1v1 RM · 1mo ago on Sep 1, 2026· 32m 8s· 2 players
Game mode
Random Map
Map size
Tiny (2 player)
Population
200
Speed
Normal
Resources
Standard
Victory
Conquest
Starting age
Dark Age
Ending age
Imperial Age
RankedLock teamsTeams togetherTeam positionsShared explorationLock speedFull tech treeHidden civsTurbo modeCheats
Victory
Defeat
🇲🇽 Mongols · Mexico
1215
+15
🇷🇺 Saracens · Russia
1193
-15
R-Y
5:34 Loom
8:48 Feudal Age
16:51 Castle Age
19:32 Husbandry
30:00 Bloodlines
Efthiron
6:10 Loom
8:24 Feudal Age
9:25 Double-Bit Axe
10:54 Town Watch
12:56 Horse Collar
15:16 Scale Barding Armor
16:15 Forging
16:03 Fletching
18:09 Bloodlines
22:46 Castle Age
21:40 Padded Archer Armor
27:15 Iron Casting
32:48 Chain Barding Armor
Connection lost

Rejoining the realm…

Still unreachable

The connection could not be restored.

Session expired

The server has moved on; the page needs a fresh start.